Map: Orbital Shipyard

Players

Miszu - Winner!

  • Race: Terran Terran
  • League: Master

Ben

  • Race: Terran Terran
  • League: Master

VOD

Have the link to the VOD?

Description

Time

  • Played on: March 15, 2016, 4:28 p.m.
  • Length: 13:59
Show
View Real Time Build Order
Export as new Build Order

Miszu Terran - Winner!

Build Orders: MMM Bio 

Get SALT Encoding   

  12  0:05  SCV  
  13  0:17  SCV  
  14  0:22  Supply Depot  
  14  0:29  SCV  
  15  0:43  SCV  
  16  0:55  SCV  
  17  0:57  Barracks  
  17  1:00  Refinery  
  17  1:08  SCV  
  18  1:20  SCV  
  19  1:31  Command Center  
  19  1:32  SCV  
  20  1:44  Orbital Command  
  20  1:45  Barracks Reactor  
  20  1:51  Supply Depot  
  20  2:10  SCV  
  20  2:13  Refinery  
  21  2:21  Marine x2  
  21  2:22  SCV  
  24  2:23  Factory  
  24  2:34  SCV  
  25  2:39  Marine  
  25  2:40  Marine  
  27  2:46  SCV  
  27  2:47  Orbital Command  
  28  2:57  Marine x2  
  30  2:58  SCV  
  31  3:07  Factory Tech Lab  
  31  3:09  Starport  
  31  3:10  SCV  
  32  3:13  SCV  
  32  3:15  Marine  
  34  3:21  Marine  
  34  3:22  SCV  
  34  3:25  SCV  
  37  3:29  Supply Depot  
  37  3:33  Marine  
  38  3:35  SCV  
  38  3:38  SCV  
  38  3:40  Cyclone  
  43  3:46  Viking  
  43  3:47  SCV  
  46  3:51  SCV  
  46  3:53  Supply Depot  
  47  3:59  SCV  
  48  4:03  SCV  
  49  4:10  Engineering Bay  
  49  4:11  SCV  
  51  4:17  SCV  
  51  4:24  Command Center  
  51  4:25  SCV  
  51  4:30  SCV  
  53  4:36  Supply Depot  
  53  4:38  Missile Turret  
  55  4:41  Missile Turret  
  55  4:44  Barracks  
  55  4:45  Barracks  
  53  4:47  SCV x2  
  53  4:52  Refinery  
  55  4:56  Starport Reactor, Siege Tank  
  55  4:59  SCV  
  59  5:01  Terran Infantry Weapons Level 1  
  59  5:03  SCV  
  59  5:06  Supply Depot  
  60  5:08  Refinery  
  60  5:11  SCV  
  60  5:12  Marine  
  60  5:13  Marine  
  63  5:15  SCV  
  64  5:23  SCV  
  64  5:27  SCV  
  66  5:30  Marine  
  66  5:31  Marine  
  66  5:33  Barracks Tech Lab  
  66  5:34  Barracks Tech Lab  
  66  5:35  SCV  
  69  5:38  Barracks  
  69  5:39  Orbital Command  
  69  5:40  Barracks  
  70  5:42  SCV  
  70  5:47  SCV  
  71  5:53  Missile Turret  
  71  5:55  SCV, Stimpack  
  71  5:59  SCV  
  71  6:03  Siege Tank  
  75  6:07  SCV  
  75  6:09  Marine, Marauder x2  
  75  6:10  Marine  
  82  6:11  SCV  
  82  6:13  SCV  
  84  6:19  SCV  
  84  6:21  Combat Shields  
  84  6:25  Supply Depot  
  85  6:26  SCV  
  85  6:27  Supply Depot, SCV  
  85  6:30  Barracks Reactor x2, Marauder  
  85  6:31  Marine x2  
  91  6:32  Marine  
  92  6:40  SCV  
  95  6:47  SCV x2  
  95  6:49  Supply Depot, Marine  
  95  6:50  Supply Depot  
  95  6:51  Marauder  
  95  6:52  Marine, Marauder, SCV  
  102  6:59  SCV  
  103  7:05  Marine  
  103  7:06  Marine x3  
  103  7:07  Marine, Siege Tank  
  108  7:10  Marine, Medivac x2  
  108  7:12  Marauder  
  108  7:13  Supply Depot  
  108  7:14  Supply Depot, Marauder  
  117  7:17  Refinery, Terran Infantry Armor Level 1  
  117  7:18  Refinery  
  117  7:20  Engineering Bay  
  117  7:21  Armory  
  117  7:31  Marine x2  
  117  7:32  Marine x2  
  117  7:34  Supply Depot  
  117  7:35  Supply Depot  
  121  7:37  Supply Depot  
  121  7:38  Supply Depot  
  121  7:40  Marine x4, Medivac x2  
  129  7:49  Marine x3, Siege Tank  
  129  7:50  Marine  
  136  7:57  Supply Depot  
  136  7:58  Marine x2  
  138  7:59  Marauder  
  140  8:08  Marauder  
  140  8:11  Marine  
  143  8:13  Command Center  
  143  8:20  Marauder  
  143  8:23  Marine  
  143  8:25  Marine  
  143  8:26  Marine x3  
  127  8:28  Medivac  
  127  8:29  Marine, Marauder  
  117  8:40  SCV  
  117  8:41  Marine  
  110  8:42  Marauder  
  110  8:43  Marine x3  
  110  8:44  Marine  
  110  8:47  Marine  
  104  8:50  Marauder, Medivac, Siege Tank  
  111  8:58  Marine  
  111  9:01  Marine x2  
  109  9:03  Marauder  
  109  9:04  Marine  
  109  9:09  Barracks  
  111  9:10  Barracks  
  111  9:12  Marauder  
  111  9:13  Barracks  
  113  9:24  Marine, Marauder  
  107  9:26  Marine  
  105  9:32  Marine  
  105  9:33  Marine x3, Marauder  
  105  9:34  Siege Tank  
  105  9:35  Medivac x2  
  118  9:41  Marine  
  110  9:46  Marauder  
  112  9:55  Marauder  
  110  10:02  Planetary Fortress  
  110  10:04  Marine x6  
  115  10:07  Marauder  
  115  10:08  Barracks Reactor x2  
  115  10:09  Barracks Tech Lab  
  115  10:12  Terran Infantry Weapons Level 2  
  115  10:13  Terran Infantry Armor Level 2  
  116  10:15  Medivac x2  
  116  10:16  Marauder  
  116  10:17  Siege Tank  
  125  10:22  Marine x6  
  131  10:29  Marauder  
  131  10:31  Marauder  
  135  10:37  Marauder  
  135  10:38  Command Center  
  135  10:39  Marine  
  135  10:40  Marine x5  
  135  10:41  Supply Depot  
  135  10:42  Concussive Shells  
  143  10:44  Marine x4  
  143  10:45  Medivac  
  143  10:47  Medivac  
  151  10:50  Marauder  
  151  10:52  Marauder  
  155  10:57  Marine  
  155  10:58  Marine x4  
  155  10:59  Marine, Marauder  
  163  11:11  Marauder  
  163  11:12  Marine x4  
  163  11:13  Marauder  
  163  11:15  Marine x2  
  163  11:16  Marine x2  
  175  11:20  Marauder  
  175  11:22  Medivac  
  175  11:23  Medivac  
  181  11:28  Siege Tank  
  172  11:33  Marauder  
  172  11:35  Marauder  
  166  11:41  Marauder  
  161  11:47  Marine  
  161  11:48  Marine x9  
  169  11:54  Marauder  
  169  11:56  Marauder  
  146  12:02  Marine  
  146  12:05  Marine  
  146  12:06  Marine x9  
  130  12:15  Marauder  
  130  12:17  Marauder  
  130  12:20  Marine  
  117  12:23  Marine x4  
  117  12:24  Marine x5  
  117  12:25  Marine  
  117  12:28  Medivac  
  131  12:37  Marauder  
  131  12:38  Refinery x2, Marauder  
  131  12:39  Marauder  
  131  12:41  Marine x4  
  116  12:54  Marine  
  116  12:55  Marine x5  
  122  12:58  Marauder  
  122  12:59  Marine x4  
  122  13:00  Marauder x2  
  128  13:15  Medivac x2  
  128  13:17  Marine x3  
  128  13:18  Marine x5  
  142  13:20  Marauder  
  142  13:21  Marauder  
  142  13:22  Marine x2, Marauder  
  148  13:30  Missile Turret  
  148  13:35  Marine  
Show
View Real Time Build Order
Export as new Build Order

Ben Terran 

Build Orders: Command Center First (CC) 

Get SALT Encoding   

  12  0:01  SCV  
  13  0:13  SCV  
  14  0:26  Supply Depot, SCV  
  15  0:48  SCV  
  16  0:57  Command Center  
  16  1:00  SCV  
  17  1:12  SCV  
  17  1:16  Barracks  
  18  1:25  Refinery, SCV  
  19  1:32  Refinery  
  19  1:37  SCV  
  20  1:49  SCV  
  21  2:02  Marine  
  21  2:04  Orbital Command  
  22  2:09  Bunker  
  22  2:13  Factory  
  22  2:20  Marine  
  23  2:28  Orbital Command  
  23  2:32  SCV  
  24  2:42  Marine  
  25  2:44  SCV  
  26  2:56  Starport  
  28  3:04  Starport  
  28  3:05  Hellion  
  28  3:06  SCV  
  28  3:09  SCV  
  30  3:18  SCV  
  32  3:21  SCV  
  32  3:26  Hellion  
  35  3:28  Barracks Tech Lab  
  35  3:29  Supply Depot  
  35  3:31  SCV  
  35  3:36  Viking  
  37  3:43  SCV  
  37  3:44  Orbital Command  
  38  3:50  Raven  
  38  3:51  Refinery  
  38  3:55  Refinery  
  40  3:56  Barracks Tech Lab  
  40  3:57  Hellion  
  40  4:00  SCV  
  43  4:18  SCV  
  43  4:19  Hellion, SCV  
  43  4:22  Raven  
  49  4:28  Supply Depot  
  49  4:31  SCV x2  
  51  4:40  Raven  
  51  4:43  SCV  
  54  4:50  Supply Depot, SCV  
  57  4:55  SCV  
  57  4:58  Supply Depot  
  58  5:02  SCV  
  58  5:05  Raven  
  59  5:07  SCV  
  59  5:14  Factory Tech Lab  
  60  5:16  SCV  
  61  5:22  Supply Depot  
  61  5:23  Raven  
  61  5:25  Command Center  
  61  5:26  SCV  
  64  5:33  Supply Depot  
  64  5:34  Siege Tank  
  67  5:37  Barracks Reactor  
  67  5:38  SCV x2  
  69  5:44  Supply Depot  
  69  5:50  SCV x2  
  71  5:58  Raven  
  71  6:02  SCV  
  71  6:03  SCV  
  75  6:15  SCV x2  
  75  6:16  Engineering Bay  
  77  6:19  Raven  
  77  6:20  Bunker  
  77  6:22  Hellion x2  
  83  6:26  Supply Depot  
  83  6:27  Supply Depot, SCV x2  
  85  6:38  Refinery  
  85  6:39  SCV  
  86  6:41  Raven  
  86  6:43  Refinery, Hellion  
  86  6:44  Hellion  
  86  6:45  Missile Turret x2  
  86  6:46  Missile Turret  
  92  6:48  Missile Turret  
  92  6:51  Missile Turret  
  92  6:52  SCV  
  91  6:54  Missile Turret  
  91  7:07  SCV x2  
  93  7:11  Orbital Command  
  93  7:13  Raven  
  99  7:15  Hellion x2  
  99  7:18  Hi-Sec Auto Tracking  
  99  7:19  SCV x2  
  101  7:29  Sensor Tower, Raven  
  103  7:31  SCV x2  
  109  7:37  Hellion x2, SCV  
  109  7:43  SCV  
  109  7:44  SCV  
  112  7:47  Supply Depot  
  112  7:48  Supply Depot  
  112  7:53  SCV  
  112  7:56  Raven, SCV  
  112  7:57  Factory  
  112  7:58  Hellion x2  
  120  8:12  Raven  
  122  8:19  Hellion  
  126  8:20  Hellion  
  99  8:39  Raven  
  99  8:41  Hellion x2  
  101  8:44  Hellion  
  101  8:46  SCV  
  104  8:52  SCV x2  
  104  8:55  Raven  
  106  9:02  Hellion  
  108  9:04  Hellion  
  108  9:05  Siege Tank  
  108  9:07  SCV x2  
  106  9:22  Raven  
  106  9:24  Hellion  
  100  9:29  Hellion  
  100  9:31  SCV x2  
  98  9:34  SCV  
  98  9:37  Siege Tank  
  98  9:43  SCV  
  98  9:45  Hellion  
  97  9:51  Hellion  
  93  10:02  SCV x3  
  93  10:06  Hellion  
  94  10:07  Factory  
  94  10:09  Siege Tank  
  94  10:11  Bunker  
  94  10:12  Hellion  
  94  10:13  Factory  
  99  10:14  Factory, SCV x3  
  102  10:22  Raven x2  
  102  10:26  SCV x3  
  102  10:28  Hellion  
  111  10:31  Missile Turret  
  111  10:37  Hellion  
  111  10:38  SCV x3  
  111  10:42  Siege Tank  
  119  10:46  Missile Turret  
  119  10:50  SCV x3  
  119  10:52  Hellion  
  119  10:53  Missile Turret x2  
  119  10:54  Hellion, Missile Turret x2  
  119  10:55  Missile Turret x2  
  126  10:59  Hellion  
  126  11:00  Hellion x2  
  126  11:02  SCV x2  
  134  11:05  Raven x2  
  138  11:14  Hellion, Siege Tank, Missile Turret x3  
  138  11:15  Hellion, Missile Turret x2  
  145  11:20  Hellion  
  145  11:25  Hellion  
  149  11:32  Supply Depot  
  149  11:33  Hellion  
  110  11:47  Raven  
  110  11:48  Raven  
  92  12:02  Hellion x2, Siege Tank  
  89  12:15  Hellion x2  
  81  12:19  SCV x2  
  81  12:21  Hellion  
  83  12:24  Hellion x2, SCV  
  87  12:34  Siege Tank  
  90  12:37  SCV  
  90  12:38  SCV  
  83  12:52  Hellion  
  83  12:54  Hellion  
  83  12:55  Hellion  
  83  12:56  Hellion x2  
  93  12:59  SCV  
  93  13:02  SCV  
  94  13:07  Hellion, SCV  
  94  13:08  Refinery  
  97  13:14  Hellion  
  99  13:20  Missile Turret  
  99  13:21  SCV  
  99  13:22  SCV  
  103  13:30  Missile Turret  
  103  13:33  SCV x2  
  107  13:36  SCV  
  108  13:43  Missile Turret  
Tags
 
Add a new tag
Caveats
  • Supply blocks, unpowered buildings, or Contaminate may cause inaccurate times.
  • Supply counts are checked every 10 seconds.